 Dungeon Crawl Stone Soup version 0.26.1-10-gdfb7c7de75 (webtiles) character file.

Game seed: 12682667413012987616

1043 H0rd4k the Slasher (level 8, 0/60 HPs)
             Began as a Human Artificer on Apr 8, 2021.
             Succumbed to Ijyb's poison
             ... on level 4 of the Dungeon.
             The game lasted 00:09:35 (6761 turns).

H0rd4k the Slasher (Human Artificer)                Turns: 6761, Time: 00:09:35

Health: 0/60       AC:  7    Str: 17      XL:     8   Next: 49%
Magic:  12/17      EV: 13    Int: 11      God:
Gold:   116        SH:  0    Dex: 11 (14) Spells: 7/7 levels left

rFire    . . .     SeeInvis .   m - -3 long sword (curse)
rCold    . . .     Faith    .   (no shield)
rNeg     . . .     Spirit   .   b - +0 leather armour
rPois    .         Reflect  .   (helmet restricted)
rElec    .         Harm     .   j - +1 cloak
rCorr    .         Rampage  .   (no gloves)
Will     .....                  (no boots)
Stlth    ++........             (no amulet)
HPRegen  0.20/turn              p - ring of magical power
MPRegen  0.15/turn              (no ring)

@: brilliant, lethally poisoned (0 -> -1), hasted, very quick
A: horns 1, thin metallic scales 1, strong 1, sturdy frame 1
a: no special abilities


You were on level 4 of the Dungeon.
You visited 1 branch of the dungeon, and saw 5 of its levels.

You collected 116 gold pieces.

Inventory:

Hand Weapons
 e - a +2 antimagic rapier
 f - a +1 short sword
 m - a cursed -3 long sword (weapon)
Missiles
 a - 15 poisoned darts
 n - 4 atropa-tipped darts
Armour
 b - a +0 leather armour (worn)
 j - a +1 cloak (worn)
Jewellery
 p - a ring of magical power (left hand)
Wands
 d - a wand of enslavement (2)
Scrolls
 h - 2 scrolls of identify
 r - 2 scrolls of enchant weapon
Potions
 i - 4 potions of haste


   Skills:
 + Level 4.3 Fighting
 + Level 0.8(3.1) Short Blades
 + Level 4.7(4.8) Long Blades
 + Level 0.4 Maces & Flails
 + Level 3.0 Armour
 + Level 3.5 Dodging
 + Level 3.4 Stealth
 + Level 4.6 Evocations


You had 7 spell levels left.
You didn't know any spells.
Your spell library was empty.

Dungeon Overview and Level Annotations

Branches:
Dungeon (5/15)
 Temple: D:4-7

Altars:
Dithmenos
Fedhas
Ru
Uskayaw
Vehumet
Xom

Annotations:
D:3 exclusion: downstairs
D:4 2 transporters, exclusion: downstairs
D:5 Ijyb


Innate Abilities, Weirdness & Mutations

You have a pair of small horns on your head.
You are partially covered in thin metallic scales. (AC +2)
Your muscles are strong. (Str +2)
Your movements are slightly less encumbered by armour. (ER -2)


Message History

You feel sick.
* * * LOW HITPOINT WARNING * * *
You feel sick.
* * * LOW HITPOINT WARNING * * *
You feel sick.
* * * LOW HITPOINT WARNING * * *
You feel sick.
* * * LOW HITPOINT WARNING * * *
You feel sick.
You feel yourself speed up.
* * * LOW HITPOINT WARNING * * *
You feel sick.
Okay, then.
Unknown command.
You don't have any unidentified items.
* * * LOW HITPOINT WARNING * * *
You feel sick.
* * * LOW HITPOINT WARNING * * *
You feel sick.
You die...

##.....'...#.......#....#
○#.....#...#.......#....#
°#[....#...#.......#....#
.#.....#...#.......#....#
.#.....#...#.......'....#
.##...###..#.......###'##########
#...#########..................
###...........#..................
○Z#...........+.@<...............
°○#.[.........#..................
○.#...###>.##+#..................
..#######..#........#############
○°#........'........#
###........#........#
.#.........#.....[..#
###'########........######
..........######...(.....#


There were no monsters in sight!

Vanquished Creatures
  Eustachio (D:3)
  Sigmund (D:3)
  2 ogres (D:4)
  A quasit (D:5)
  A hound (D:4)
  An iguana (D:5)
  2 orc wizards (D:4)
  6 worker ants
  A hound skeleton (D:5)
  7 adders
  A white imp (D:5)
  2 oozes
  5 dart slugs
  5 leopard geckos
  10 orcs
  10 giant cockroaches
  8 goblins
  10 hobgoblins
  4 quokkas
  A ball python (D:4)
  6 bats
  6 frilled lizards
  A jackal zombie (D:5)
  4 kobolds
  A quokka skeleton (D:4)
  9 rats
106 creatures vanquished.

Vanquished Creatures (collateral kills)
  Grinder (D:5)
  A centaur (D:5)
2 creatures vanquished.

Grand Total: 108 creatures vanquished

Notes
Turn   | Place    | Note
-------+----------+-------------------------------------------
     0 | D:1      | H0rd4k the Human Artificer began the quest for the Orb.
     0 | D:1      | Reached XP level 1. HP: 15/15 MP: 1/1
   194 | D:1      | Reached XP level 2. HP: 10/21 MP: 2/2
   891 | D:1      | Reached XP level 3. HP: 26/26 MP: 3/3
  1433 | D:2      | Reached XP level 4. HP: 32/32 MP: 4/4
  2601 | D:2      | Reached XP level 5. HP: 22/38 MP: 5/5
  2930 | D:3      | Found a blossoming altar of Fedhas.
  2969 | D:3      | Noticed Sigmund
  2992 | D:3      | Killed Sigmund
  2993 | D:3      | Reached XP level 6. HP: 18/46 MP: 6/6
  3182 | D:3      | Found a sacrificial altar of Ru.
  3296 | D:3      | Found a faded altar of an unknown god.
  3381 | D:3      | Found a hide-covered altar of Uskayaw.
  4365 | D:4      | Reached XP level 7. HP: 33/52 MP: 7/7
  4595 | D:4      | Found a transporter.
  4645 | D:4      | Found a shadowy altar of Dithmenos.
  4708 | D:4      | Gained mutation: You have a pair of small horns on your
                  | head. [potion of mutation]
  4708 | D:4      | Gained mutation: Your movements are slightly less
                  | encumbered by armour. (ER -2) [potion of mutation]
  4708 | D:4      | Gained mutation: You are partially covered in thin metallic
                  | scales. (AC +2) [potion of mutation]
  4708 | D:4      | Gained mutation: Your muscles are strong. (Str +2) [potion
                  | of mutation]
  5225 | D:4      | Found a shimmering altar of Xom.
  5237 | D:4      | Found a radiant altar of Vehumet.
  5510 | D:4      | Found a transporter.
  5752 | D:5      | Entered Level 5 of the Dungeon
  5752 | D:5      | Noticed Eustachio
  5885 | D:5      | Noticed Grinder
  5897 | D:5      | Paralysed by Grinder for 5 turns
  5965 | D:5      | Reached XP level 8. HP: 18/60 MP: 8/8
  5975 | D:5      | Killed Grinder
  6041 | D:3      | Killed Eustachio
  6647 | D:5      | Noticed Ijyb
  6746 | D:4      | HP: 3/60 [poisoned by Ijyb]
  6753 | D:4      | HP: 1/60 [poisoned by Ijyb]
  6761 | D:4      | Succumbed to Ijyb's poison

Illustrated notes

Levels and vault maps discovered:
D:1:      eino_arrival_tree_alley, layout_loops_ring
D:2:      layout_basic, minmay_stone_trees_medium
D:3:      layout_basic, overflow_temple_1_default,
          nicolae_overflow_crystal_walls,
          chequers_ecumenical_altar_simple_redux,
          nicolae_ru_sacrificial_ziggurat, uniq_sigmund
D:4:      gammafunk_cloud_chamber, layout_gridville,
          amethyst_overflow_temple_binary, nicolae_dithmenos_the_darkroom
D:5:      layout_rooms, chequers_temple_overflow_minitemple, uniq_eustachio,
          uniq_grinder, uniq_ijyb

Skill      XL: |  1  2  3  4  5  6  7  8 |
---------------+-------------------------+-----
Fighting       | 2 3 4 |  4.3
Long Blades    | 2 3 4 |  4.7
Dodging        | 2 3 |  3.5
Stealth        | 2 3 |  3.4
Evocations     | 4 |  4.6
Armour         | 3 |  3.0
Short Blades   | |  0.8
Maces & Flails | |  0.4

Action                   |  1- 3 |  4- 6 |  7- 9 || total
-------------------------+-------+-------+-------++-------
Melee: Short sword       |   122 |    11 |       ||   133
       Club              |     1 |       |       ||     1
       Long sword        |       |   167 |   144 ||   311
       Headbutt          |       |       |    30 ||    30
       Unarmed           |       |       |     2 ||     2
Evoke: Wand              |       |    10 |    33 ||    43
  Use: Scroll            |       |     6 |       ||     6
       Potion            |       |       |     9 ||     9
 Stab: Sleeping          |     2 |     6 |     3 ||    11
       Paralysed         |       |    10 |       ||    10
Armor: Leather armour    |    36 |    66 |    99 ||   201
       Skin              |       |       |     1 ||     1
Dodge: Dodged            |    84 |   133 |   134 ||   351
       Rpst.: Long sword |       |    47 |    33 ||    80
